PAA
MERCER ISLAND SCREAMING EAGLES @ LAKE MINNETONKA LOVE BOATS
06/21/2034
 
TOP OF THE 1ST
Mercer Island Screaming Eagles batting - Pitching for Lake Minnetonka Love Boats : RHP Dennis Blanchard
Pitching: RHP Dennis Blanchard
Batting: RHB Kimi Okubo 0-0: Called Strike
0-1: Swinging Strike
0-2: Ball
1-2: Ball
2-2: SINGLE (Line Drive, 8LS)
Batting: SHB Serious Lee 0-0: Ball
1-0: Foul Ball, location: 2F
1-1: Foul Ball, location: 2F
1-2: Fly out, F8 (Flyball, 8RXD)
Batting: RHB Dejmi Dumervil 0-0: Ball
1-0: Called Strike
1-1: Ball
2-1: Foul Ball, location: 2F
2-2: Ball
3-2: DOUBLE (Line Drive, 78D)
Kimi Okubo to third
Kimi Okubo scores
Batting: RHB Fortunato Rasquinha 0-0: Ground out 4-3 (Groundball, 4)
Dejmi Dumervil to third
Batting: RHB Emílio Ramírez 0-0: Swinging Strike
0-1: Foul Ball, location: 2F
0-2: Foul Ball, location: 2F
0-2: Ball
1-2: Ball
2-2: Ball
3-2: Ground out 3-1 (Groundball, 34S)
Top of the 1st over - 1 run, 2 hits, 0 errors, 1 left on base; Mercer Island 1 - Lake Minnetonka 0
BOTTOM OF THE 1ST
Lake Minnetonka Love Boats batting - Pitching for Mercer Island Screaming Eagles : RHP Ingo Abresch
Pitching: RHP Ingo Abresch
Batting: RHB Francisco Guerra 0-0: Swinging Strike
0-1: Called Strike
0-2: Ball
1-2: Ball
2-2: Fly out, F8 (Line Drive, 8RD)
Batting: LHB Wilton Maynard 0-0: Ground out 4-3 (Groundball, 4S)
Batting: RHB Mario van Heijbeeck 0-0: Called Strike
0-1: Swinging Strike
0-2: Ball
1-2: Strikes out swinging
Bottom of the 1st over - 0 runs, 0 hits, 0 errors, 0 left on base; Mercer Island 1 - Lake Minnetonka 0
TOP OF THE 2ND
Mercer Island Screaming Eagles batting - Pitching for Lake Minnetonka Love Boats : RHP Dennis Blanchard
Batting: SHB Jason Graham 0-0: Hit by Pitch
Batting: RHB Juan Reyes 0-0: Called Strike
0-1: Called Strike
0-2: Ball
1-2: Foul Ball, location: 2F
1-2: DOUBLE (Groundball, 5L)
Jason Graham to third
Jason Graham scores
Batting: RHB Alfredo García 0-0: Ball
1-0: SINGLE (Groundball, 56D)
Juan Reyes to third
Batting: RHB Ed Bowers 0-0: Called Strike
0-1: Ball
1-1: Ball
2-1: Swinging Strike
2-2: Ground out 5-3 (Groundball, 5L)
Juan Reyes scores
Alfredo García to second
Batting: RHB Kimi Okubo 0-0: Swinging Strike
0-1: Ground out 6-3 (Groundball, 6)
Alfredo García to third
Batting: SHB Serious Lee 0-0: Ball
1-0: Ball
2-0: Called Strike
2-1: Ball
3-1: Called Strike
3-2: Ground out U3 (Groundball, 3S)
Top of the 2nd over - 2 runs, 2 hits, 0 errors, 1 left on base; Mercer Island 3 - Lake Minnetonka 0
BOTTOM OF THE 2ND
Lake Minnetonka Love Boats batting - Pitching for Mercer Island Screaming Eagles : RHP Ingo Abresch
Batting: LHB Juan Ramírez 0-0: Ball
1-0: Ball
2-0: Called Strike
2-1: Foul Ball, location: 2F
2-2: Ball
3-2: Fly out, F7 (Flyball, 78S)
Batting: RHB Ed St. James 0-0: Ball
1-0: Called Strike
1-1: Called Strike
1-2: Foul Ball, location: 2F
1-2: Ball
2-2: Ground out 5-3 (Groundball, 56)
Batting: RHB Jeff Hunter 0-0: Ball
1-0: Ball
2-0: Ball
3-0: Base on Balls
Batting: RHB Guillermo Carrizales 0-0: Ball
1-0: Ball
2-0: Ball
3-0: Called Strike
3-1: Fielders Choice at 2nd, 6-4 (Groundball, 6)
Bottom of the 2nd over - 0 runs, 0 hits, 0 errors, 1 left on base; Mercer Island 3 - Lake Minnetonka 0
TOP OF THE 3RD
Mercer Island Screaming Eagles batting - Pitching for Lake Minnetonka Love Boats : RHP Dennis Blanchard
Batting: RHB Dejmi Dumervil 0-0: Swinging Strike
0-1: Foul Ball, location: 2F
0-2: Ball
1-2: Foul Ball, location: 2F
1-2: Ball
2-2: Fly out, F4 (Popup, 4M)
Batting: RHB Fortunato Rasquinha 0-0: Called Strike
0-1: Ball
1-1: Ball
2-1: Called Strike
2-2: Fly out, F9 (Flyball, 89M)
Batting: RHB Emílio Ramírez 0-0: Called Strike
0-1: Swinging Strike
0-2: Ball
1-2: Strikes out looking
Top of the 3rd over - 0 runs, 0 hits, 0 errors, 0 left on base; Mercer Island 3 - Lake Minnetonka 0
BOTTOM OF THE 3RD
Lake Minnetonka Love Boats batting - Pitching for Mercer Island Screaming Eagles : RHP Ingo Abresch
Batting: RHB Michael Sweeney 0-0: Ball
1-0: Ball
2-0: Ball
3-0: Called Strike
3-1: Foul Ball, location: 2F
3-2: SINGLE (Line Drive, 7S)
Batting: RHB Yoshii Saikawa 0-0: Ball
1-0: Foul Ball, location: 2F
1-1: Fly out, F8 (Flyball, 89D)
Batting: RHB Francisco Guerra 0-0: Ball
1-0: Ball
2-0: Foul Ball, location: 2F
2-1: Called Strike
2-2: Ball
3-2: Strikes out looking
Batting: LHB Wilton Maynard 0-0: Ball
1-0: Ball
2-0: Called Strike
2-1: Fly out, F8 (Flyball, 89XD)
Bottom of the 3rd over - 0 runs, 1 hit, 0 errors, 1 left on base; Mercer Island 3 - Lake Minnetonka 0
TOP OF THE 4TH
Mercer Island Screaming Eagles batting - Pitching for Lake Minnetonka Love Boats : RHP Dennis Blanchard
Batting: SHB Jason Graham 0-0: Swinging Strike
0-1: Ground out U3 (Groundball, 34S)
Batting: RHB Juan Reyes 0-0: Foul Ball, location: 2F
0-1: Called Strike
0-2: Fly out, F9 (Flyball, 89XD)
Batting: RHB Alfredo García 0-0: Foul Ball, location: 2F
0-1: Ball
1-1: Foul Ball, location: 2F
1-2: Strikes out looking
Top of the 4th over - 0 runs, 0 hits, 0 errors, 0 left on base; Mercer Island 3 - Lake Minnetonka 0
BOTTOM OF THE 4TH
Lake Minnetonka Love Boats batting - Pitching for Mercer Island Screaming Eagles : RHP Ingo Abresch
Batting: RHB Mario van Heijbeeck 0-0: Called Strike
0-1: Ball
1-1: Called Strike
1-2: Ground out 6-3 (Groundball, 6)
Batting: LHB Juan Ramírez 0-0: Ball
1-0: Called Strike
1-1: Ball
2-1: Foul Ball, location: 2F
2-2: Foul Ball, location: 2F
2-2: Ball
3-2: Foul Ball, location: 2F
3-2: Foul Ball, location: 2F
3-2: Foul Ball, location: 2F
3-2: Hit by Pitch
Batting: RHB Ed St. James 0-0: Fielders Choice at 2nd, 1-4 (Groundball, 15S)
Batting: RHB Jeff Hunter 0-0: Ball
1-0: Ball
2-0: Called Strike
2-1: Ball
3-1: Fielders Choice at 2nd, 6-4 (Groundball, 6)
Bottom of the 4th over - 0 runs, 0 hits, 0 errors, 1 left on base; Mercer Island 3 - Lake Minnetonka 0
TOP OF THE 5TH
Mercer Island Screaming Eagles batting - Pitching for Lake Minnetonka Love Boats : RHP Dennis Blanchard
Batting: RHB Ed Bowers 0-0: Ball
1-0: Foul Ball, location: 2F
1-1: Ball
2-1: SOLO HOME RUN (Line Drive, 7LD), Distance : 336 ft
Batting: RHB Kimi Okubo 0-0: Ball
1-0: Ball
2-0: Fly out, F7 (Flyball, 78M)
Batting: SHB Serious Lee 0-0: Foul Ball, location: 2F
0-1: Ball
1-1: Fly out, F7 (Line Drive, 7LM)
Batting: RHB Dejmi Dumervil 0-0: Ball
1-0: Ball
2-0: Ball
3-0: Base on Balls
Batting: RHB Fortunato Rasquinha 0-0: Called Strike
0-1: Ball
1-1: Called Strike
1-2: Ball
2-2: SINGLE (Line Drive, 3D)
Dejmi Dumervil to second
Runner from 2nd tries for 3rd, SAFE, no throw
Batting: RHB Emílio Ramírez 0-0: Ball
1-0: Called Strike
1-1: Fly out, F9 (Flyball, 9)
Top of the 5th over - 1 run, 2 hits, 0 errors, 2 left on base; Mercer Island 4 - Lake Minnetonka 0
BOTTOM OF THE 5TH
Lake Minnetonka Love Boats batting - Pitching for Mercer Island Screaming Eagles : RHP Ingo Abresch
Batting: RHB Guillermo Carrizales 0-0: Ball
1-0: Ball
2-0: Called Strike
2-1: Ball
3-1: Ground out 5-3 (Groundball, 56S)
Pitching: RHP Héctor Tista
Batting: RHB Michael Sweeney 0-0: Swinging Strike
0-1: Ground out 6-3 (Groundball, 6MD)
Batting: RHB Yoshii Saikawa 0-0: Foul Ball, location: 2F
0-1: Swinging Strike
0-2: Ball
1-2: Ball
2-2: Strikes out swinging
Bottom of the 5th over - 0 runs, 0 hits, 0 errors, 0 left on base; Mercer Island 4 - Lake Minnetonka 0
TOP OF THE 6TH
Mercer Island Screaming Eagles batting - Pitching for Lake Minnetonka Love Boats : RHP Dennis Blanchard
Batting: SHB Jason Graham 0-0: Swinging Strike
0-1: Swinging Strike
0-2: Ball
1-2: Strikes out swinging
Batting: RHB Juan Reyes 0-0: SINGLE (Flyball, 78S)
Batting: RHB Alfredo García 0-0: Called Strike
0-1: Ball
1-1: Swinging Strike
1-2: Ball
2-2: SINGLE (Groundball, 6D)
Juan Reyes to second
Batting: RHB Ed Bowers 0-0: Ball
1-0: SINGLE (Flyball, 78S)
Juan Reyes to third
Alfredo García to second
Runner from 3rd tries for Home, SAFE, no throw
Pitching: RHP Augusto Rumina
Batting: RHB Kimi Okubo 0-0: Swinging Strike
0-1: Fly out, F7 (Flyball, 78M)
Batting: SHB Serious Lee 0-0: Ball
1-0: Ball
2-0: Foul Ball, location: 2F
2-1: Ball
3-1: Ground out U3 (Groundball, 3)
Top of the 6th over - 1 run, 3 hits, 0 errors, 2 left on base; Mercer Island 5 - Lake Minnetonka 0
BOTTOM OF THE 6TH
Lake Minnetonka Love Boats batting - Pitching for Mercer Island Screaming Eagles : RHP Héctor Tista
Batting: RHB Francisco Guerra 0-0: Swinging Strike
0-1: Ball
1-1: Ball
2-1: Ground out 4-3 (Groundball, 34)
Batting: LHB Wilton Maynard 0-0: Ground out 5-3 (Groundball, 5S)
Batting: RHB Mario van Heijbeeck 0-0: Ball
1-0: Called Strike
1-1: Foul Ball, location: 2F
1-2: Fly out, F8 (Flyball, 8LS)
Bottom of the 6th over - 0 runs, 0 hits, 0 errors, 0 left on base; Mercer Island 5 - Lake Minnetonka 0
TOP OF THE 7TH
Mercer Island Screaming Eagles batting - Pitching for Lake Minnetonka Love Boats : RHP Augusto Rumina
Batting: RHB Dejmi Dumervil 0-0: Ball
1-0: Fly out, F9 (Flyball, 9)
Batting: RHB Fortunato Rasquinha 0-0: Called Strike
0-1: Ball
1-1: Ball
2-1: Reached on error, E6 (Groundball, 6D)
Batting: RHB Emílio Ramírez 0-0: Ball
1-0: Foul Ball, location: 2F
1-1: Foul Ball, location: 2F
1-2: Foul Ball, location: 2F
1-2: Ball
2-2: Foul Ball, location: 2F
2-2: Foul Ball, location: 2F
2-2: Fly out, F6 (Popup, P)
Batting: SHB Jason Graham 0-0: Ball
1-0: Ball
2-0: Called Strike
2-1: Hit by Pitch
Fortunato Rasquinha to second
Batting: RHB Juan Reyes 0-0: Fly out, F7 (Flyball, 7S)
Top of the 7th over - 0 runs, 0 hits, 1 error, 2 left on base; Mercer Island 5 - Lake Minnetonka 0
BOTTOM OF THE 7TH
Lake Minnetonka Love Boats batting - Pitching for Mercer Island Screaming Eagles : RHP Héctor Tista
Batting: LHB Juan Ramírez 0-0: Called Strike
0-1: DOUBLE (Line Drive, 9D)
Batting: RHB Ed St. James 0-0: Ball
1-0: Ball
2-0: Ball
3-0: Called Strike
3-1: Swinging Strike
3-2: Strikes out swinging
Batting: RHB Jeff Hunter 0-0: Ball
1-0: Swinging Strike
1-1: Foul Ball, location: 2F
1-2: Ball
2-2: Ball
3-2: Ground out 1-3 (Groundball, P)
Juan Ramírez to third
Batting: RHB Guillermo Carrizales 0-0: Called Strike
0-1: Called Strike
0-2: Ball
1-2: Ball
2-2: Foul Ball, location: 2F
2-2: Foul Ball, location: 2F
2-2: Strikes out swinging
Bottom of the 7th over - 0 runs, 1 hit, 0 errors, 1 left on base; Mercer Island 5 - Lake Minnetonka 0
TOP OF THE 8TH
Mercer Island Screaming Eagles batting - Pitching for Lake Minnetonka Love Boats : RHP Augusto Rumina
Batting: RHB Alfredo García 0-0: Ball
1-0: Foul Ball, location: 2F
1-1: Called Strike
1-2: Ball
2-2: Ground out 6-3 (Groundball, 56)
Batting: RHB Ed Bowers 0-0: Ball
1-0: Ball
2-0: Called Strike
2-1: TRIPLE (Line Drive, 9D)
Batting: RHB Kimi Okubo 0-0: Swinging Strike
0-1: 2-RUN HOME RUN (Flyball, 7LD), Distance : 351 ft
Batting: SHB Serious Lee 0-0: Fly out, F9 (Line Drive, 9)
Batting: RHB Dejmi Dumervil 0-0: Called Strike
0-1: Ball
1-1: Ball
2-1: Called Strike
2-2: Fly out, F4 (Line Drive, 4)
Top of the 8th over - 2 runs, 2 hits, 0 errors, 0 left on base; Mercer Island 7 - Lake Minnetonka 0
BOTTOM OF THE 8TH
Lake Minnetonka Love Boats batting - Pitching for Mercer Island Screaming Eagles : RHP Héctor Tista
Batting: RHB Michael Sweeney 0-0: Called Strike
0-1: Ground out 6-3 (Groundball, 6S)
Batting: RHB Yoshii Saikawa 0-0: SINGLE (Groundball, 6D)
Batting: RHB Francisco Guerra 0-0: Called Strike
0-1: Ball
1-1: Foul Ball, location: 2F
1-2: Ground out 5-3 (Groundball, 5S)
Yoshii Saikawa to second
Batting: LHB Wilton Maynard 0-0: Called Strike
0-1: Ball
1-1: SINGLE (Flyball, 7LS)
Yoshii Saikawa to third
Runner from 3rd tries for Home, SAFE, no throw
Batting: RHB Mario van Heijbeeck 0-0: Called Strike
0-1: Swinging Strike
0-2: Strikes out swinging
Bottom of the 8th over - 1 run, 2 hits, 0 errors, 1 left on base; Mercer Island 7 - Lake Minnetonka 1
TOP OF THE 9TH
Mercer Island Screaming Eagles batting - Pitching for Lake Minnetonka Love Boats : RHP Augusto Rumina
Pitching: RHP Albert Pérez
Batting: RHB Fortunato Rasquinha 0-0: Called Strike
0-1: Ground out 6-3 (Groundball, 6M)
Batting: RHB Emílio Ramírez 0-0: Ground out 6-3 (Groundball, 6)
Batting: SHB Jason Graham 0-0: Ground out 4-3 (Groundball, 4)
Top of the 9th over - 0 runs, 0 hits, 0 errors, 0 left on base; Mercer Island 7 - Lake Minnetonka 1
BOTTOM OF THE 9TH
Lake Minnetonka Love Boats batting - Pitching for Mercer Island Screaming Eagles : RHP Héctor Tista
Batting: LHB Juan Ramírez 0-0: Called Strike
0-1: Ball
1-1: Foul Ball, location: 2F
1-2: Ball
2-2: Ball
3-2: Base on Balls
Batting: RHB Ed St. James 0-0: Fly out, F9 (Flyball, 89M)
Batting: RHB Jeff Hunter 0-0: Fly out, F7 (Flyball, 7S)
Batting: RHB Guillermo Carrizales 0-0: Fly out, F7 (Flyball, 7)
Bottom of the 9th over - 0 runs, 0 hits, 0 errors, 1 left on base; Mercer Island 7 - Lake Minnetonka 1
Friday, March 29th, 2019 - OOTP Baseball 18.8 Build 76